 Dungeon Crawl Stone Soup version 0.24-a0-375-g4de66ed42b (webtiles) character file.

Game seed: 5779031094810245448

5339 Nautrax the Spear-Bearer (level 10, 0/90 HPs)
             Began as a Minotaur Berserker on May 31, 2019.
             Was a High Priest of Trog.
             Killed from afar by nubinia's ghost (3 damage)
             ... with a puff of flame
             ... on level 8 of the Dungeon.
             The game lasted 00:41:43 (6273 turns).

Nautrax the Spear-Bearer (Minotaur Berserker)       Turns: 6273, Time: 00:41:43

Health: 0/90       AC: 14    Str: 26    XL:     10   Next: 38%
Magic:  3/3        EV: 11    Int:  1    God:    Trog [*****.]
Gold:   322        SH:  0    Dex: 12    Spells: 9/9 levels left

rFire    + . .     SeeInvis .   v - +4 glaive (antimagic)
rCold    . . .     Gourm    .   (shield currently unavailable)
rNeg     . . .     Faith    .   t - +1 chain mail "Faradd" {rPois rF+ Int-3 Slay+5, kdjfhg}
rPois    +         Spirit   .   (helmet restricted)
rElec    .         Reflect  .   (no cloak)
rCorr    .         Harm     .   (no gloves)
MR       +....                  i - +1 pair of boots
Stlth    ..........             (no amulet)
HPRegen  0.25/turn              u - ring of protection from magic
MPRegen  0.08/turn              y - +3 ring of dexterity

@: no status effects
A: retaliatory headbutt, horns 2
a: Berserk, Trog's Hand, Brothers in Arms, Renounce Religion


You were on level 8 of the Dungeon.
You worshipped Trog.
Trog was extremely pleased with you.
You were not hungry.

You visited 1 branch of the dungeon, and saw 8 of its levels.

You collected 531 gold pieces.
You spent 209 gold pieces at shops.

Inventory:

Hand Weapons
 v - a +4 antimagic glaive (weapon)
Armour
 i - a +1 pair of boots (worn)
 t - the +1 chain mail "Faradd" (worn) {rPois rF+ Int-3 Slay+5, kdjfhg}
   (You bought it in a shop on level 4 of the Dungeon)

   It affects your intelligence (-3).
   It affects your accuracy and damage with ranged weapons and melee attacks
   (+5).
   It protects you from fire.
   It protects you from poison.
Magical Staves
 n - an uncursed staff of power {unknown}
Jewellery
 p - an uncursed ring of ice
 q - an uncursed ring of flight
 u - a ring of protection from magic (left hand)
 y - a +3 ring of dexterity (right hand)
Wands
 r - a wand of iceblast (7)
 x - a wand of acid (4)
 E - a wand of random effects (28)
Scrolls
 b - a scroll of magic mapping
 d - a scroll of fear
 h - 2 scrolls of fog
 l - 4 scrolls of blinking
Potions
 a - a potion of degeneration {unknown}
 e - a potion of might
 f - 3 potions of brilliance {unknown}
 g - 2 potions of curing {unknown}
 j - 4 potions of berserk rage {unknown}
 k - 2 potions of mutation {unknown}
 m - 2 potions of flight {unknown}
 w - 3 potions of agility {unknown}
 z - 3 potions of heal wounds {unknown}
 A - a potion of lignification {unknown}
 C - 3 potions of invisibility {unknown}
Comestibles
 c - 12 rations


   Skills:
 + Level 8.8 Fighting
 + Level 13.3 Polearms
 + Level 9.1 Armour
 + Level 4.8 Dodging
 + Level 0.4 Stealth


You had 9 spell levels left.
You didn't know any spells.
Your spell library was empty.

Dungeon Overview and Level Annotations

Branches:
Dungeon (8/15)             Temple (0/1) D:5            Lair (0/6) D:8

Altars:
Fedhas
Gozag
Sif Muna
Wu Jian

Shops:
D:4 [(   D:7 [

Annotations:
D:8 nubinia's ghost, novice GrFE


Innate Abilities, Weirdness & Mutations

You reflexively headbutt those who attack you in melee.
You have a pair of horns on your head.


Message History

The puff of flame misses you.
You barely miss nubinia's ghost. Your headbutt misses nubinia's ghost.
Nubinia's ghost is lightly damaged.
Nubinia's ghost points at you and mumbles some strange words.
The flame tongue hits you. You resist.
* * * LOW HITPOINT WARNING * * *
Nubinia's ghost points at you and mumbles some strange words.
The puff of flame misses you.
Nubinia's ghost whispers, "Meet the emptiness of death!"
Nubinia's ghost points at you and mumbles some strange words.
The puff of flame hits you. You resist.
* * * LOW HITPOINT WARNING * * *
The cyclops throws a large rock.
The large rock hits you.
* * * LOW HITPOINT WARNING * * *
You see here a large rock.
The cyclops throws a large rock.
The large rock hits you!
* * * LOW HITPOINT WARNING * * *
Nubinia's ghost casts a spell at you. The puff of flame hits you. You resist.
You die...

......##....#
....####....##
.....(...#...##
####.....#....#
####.#.....#.##
........##.#.# ###
..#..........####.##
..#)#.........##...##
....#...........@.(.##
..........=..#####.W.#
#...........##∩8.##C.#
###.####.(..#..$$.#..#
.....# ##...#8.$..)(.#
.....###....#∩.8_.'..#
####..##....#8$.$.'.##
#.#####..##.#∩...$#.#
†#.#..#...####∩8.##.#


You could see a cyclops and nubinia's ghost.

Vanquished Creatures
  An ugly thing (D:8)
  A deep elf mage (D:8)
  The ghost of P0WERM0DE the Skirmisher, a novice MiFi of Xom (D:5)
  A hornet (D:8)
  A hippogriff (D:8)
  2 wargs (D:8)
  A soldier ant (D:8)
  An ice beast (D:6)
  An orc warrior (D:8)
  A sky beast (D:5)
  2 phantoms
  6 ogres
  3 centaurs
  4 big kobolds
  Blork the orc (D:8)
  3 bullfrogs
  5 killer bees (D:7)
  5 wights (D:8)
  2 howler monkeys
  A centaur zombie (D:7)
  3 crimson imps
  2 jellies
  5 quasits
  6 hounds
  4 orc priests
  A bullfrog skeleton (D:4)
  Jessica (D:3)
  5 iguanas
  An orc wizard (D:8)
  3 worker ants
  A hound zombie (D:6)
  3 hound skeletons
  6 gnolls (D:3)
  15 adders
  2 shadow imps (D:5)
  An adder zombie (D:5)
  A worm (D:8)
  3 dart slugs
  2 leopard geckos
  15 orcs
  3 ball pythons
  5 giant cockroaches
  29 goblins
  35 hobgoblins
  12 jackals
  2 quokkas
  4 bats
  3 frilled lizards
  A jackal skeleton (D:8)
  15 kobolds
  A leopard gecko skeleton (D:4)
  A quokka skeleton (D:6)
  6 rats
240 creatures vanquished.

Notes
Turn   | Place    | Note
-------+----------+-------------------------------------------
     0 | D:1      | Nautrax the Minotaur Berserker began the quest for the Orb.
     0 | D:1      | Reached XP level 1. HP: 19/19 MP: 0/0
    39 | D:1      | You fall into a shaft and drop 1 floor!
    59 | D:1      | Reached XP level 2. HP: 23/27 MP: 1/1
   181 | D:1      | Reached skill level 4 in Polearms
   670 | D:2      | Found a faded altar of an unknown god.
   675 | D:2      | Reached XP level 3. HP: 31/33 MP: 2/2
   720 | D:2      | Reached ** piety under Trog
   962 | D:2      | Reached XP level 4. HP: 41/41 MP: 3/3
  1457 | D:3      | Reached skill level 5 in Polearms
  1615 | D:3      | Found a blossoming altar of Fedhas.
  1905 | D:3      | Reached XP level 5. HP: 32/47 MP: 4/4
  2108 | D:3      | Reached *** piety under Trog
  2398 | D:3      | Noticed Jessica
  2417 | D:3      | Killed Jessica
  2417 | D:3      | Reached skill level 5 in Fighting
  2460 | D:3      | Reached skill level 6 in Polearms
  2460 | D:3      | Reached XP level 6. HP: 19/56 MP: 5/5
  2622 | D:3      | Reached **** piety under Trog
  2846 | D:3      | Reached XP level 7. HP: 57/61 MP: 6/6
  2974 | D:4      | Found Ficwoz's Antique Armour Shop.
  3008 | D:4      | Reached skill level 7 in Polearms
  3024 | D:4      | Bought a heavily runed chain mail for 209 gold pieces
  3034 | D:4      | Identified the cursed +1 chain mail "Faradd" {rPois rF+
                  | Int-3 Slay+5} (You bought it in a shop on level 4 of the
                  | Dungeon)
  3101 | D:4      | Found Ehiompo's Antique Weapon Shop.
  3140 | D:4      | Reached skill level 5 in Armour
  3290 | D:4      | Found an ornate altar of the Wu Jian Council.
  3339 | D:5      | Entered Level 5 of the Dungeon
  3341 | D:5      | Noticed P0WERM0DE's ghost (novice MiFi)
  3342 | D:5      | Found a transporter.
  3409 | D:5      | Found a staircase to the Ecumenical Temple.
  3498 | D:5      | Reached skill level 8 in Polearms
  3527 | D:5      | Reached XP level 8. HP: 42/70 MP: 7/7
  3856 | D:5      | Reached skill level 9 in Polearms
  4106 | D:5      | Found a transporter.
  4184 | D:5      | Killed P0WERM0DE's ghost
  4184 | D:5      | Reached skill level 10 in Polearms
  4283 | D:6      | Reached ***** piety under Trog
  4332 | D:6      | Reached XP level 9. HP: 78/78 MP: 8/8
  4795 | D:7      | Found Pueb's Antique Armour Emporium.
  4806 | D:7      | Reached skill level 11 in Polearms
  4904 | D:7      | Received a gift from Trog
  5266 | D:8      | Received a gift from Trog
  5358 | D:8      | Reached skill level 12 in Polearms
  5399 | D:8      | Noticed Blork the orc
  5409 | D:8      | Killed Blork the orc
  5414 | D:8      | Found a deep blue altar of Sif Muna.
  5446 | D:8      | Noticed a white ugly thing
  5453 | D:8      | Killed a white ugly thing
  5671 | D:8      | Reached XP level 10. HP: 85/88 MP: 3/9
  5800 | D:8      | Found a staircase to the Lair.
  5844 | D:8      | Reached skill level 13 in Polearms
  5978 | D:8      | Found a runed translucent gate.
  5978 | D:8      | Found a runed translucent gate.
  5979 | D:8      | Found a runed translucent gate.
  5980 | D:8      | Found an opulent altar of Gozag.
  5981 | D:8      | Noticed nubinia's ghost (novice GrFE)
  5982 | D:8      | Noticed a deep elf mage
  5983 | D:8      | Noticed a cyclops
  6262 | D:8      | Killed a deep elf mage
  6273 | D:8      | HP: 3/90 [cyclops/large rock (14)]
  6273 | D:8      | Killed from afar by nubinia's ghost

Levels and vault maps discovered:
D:1:      matt_arrival_grand_opening, layout_basic
D:2:      layout_loops_cross, first_ration, chequers_ecumenical_altar_island,
          roderic_lattice_a
D:3:      minmay_goblin_kobold_castle, layout_loops_corners,
          fedhas_ov_isle_minmay, uniq_jessica
D:4:      layout_rooms, kennysheep_little_box, serial_shops, shop, shop_coins
D:5:      layout_loops_ring, minmay_temple_entry_proselytizer,
          gammafunk_ghost_stat_death
D:6:      layout_rooms, kennysheep_nondescript, st_stairs_9
D:7:      layout_rooms, serial_shops, nicolae_shop_statue_plus
D:8:      layout_cave_pools, erik_lair_orcish_takeover, ebering_ghost_gozag,
          hangedman_pestilent_swarm, tgw_sif

Skill      XL: |  1  2  3  4  5  6  7  8  9 10 |
---------------+-------------------------------+-----
Fighting       | 4 5 6 8 |  8.8
Polearms       | 4 5 6 8 10 12 13 | 13.3
Armour         | 3 4 6 7 8 9 |  9.1
Dodging        | 3 4 |  4.8
Stealth        | |  0.4

Action                   |  1- 3 |  4- 6 |  7- 9 | 10-12 || total
-------------------------+-------+-------+-------+-------++-------
Melee: Spear             |    68 |   190 |       |       ||   258
       Headbutt          |     8 |    32 |    46 |     8 ||    94
       Halberd           |       |    16 |   217 |       ||   233
       Glaive            |       |       |     8 |    39 ||    47
Invok: Trog's Hand       |       |     1 |       |       ||     1
       Berserk           |       |       |     2 |       ||     2
  Use: Scroll            |     7 |     2 |     6 |     1 ||    16
       Potion            |       |     1 |       |       ||     1
 Stab: Sleeping          |     1 |       |       |       ||     1
  Eat: Chunk             |       |     7 |    10 |     2 ||    19
Armor: Animal skin       |     3 |       |       |       ||     3
       Ring mail         |     7 |    93 |     2 |       ||   102
       Chain mail        |       |       |   143 |    16 ||   159
Dodge: Dodged            |    27 |   151 |   143 |    18 ||   339

Table legend:
 A = Non-vault XP
 B = Vault XP
 C = Vault XP percentage of total XP
 D = Non-vault monster count
 E = Vault monster count
 F = Vault count percentage of total count
                 A         B        C        D         E       F
            +---------+---------+-------+---------+---------+-------
      Total |    4706 |    2922 |  38.3 |     158 |      82 |  34.2
            +---------+---------+-------+---------+---------+-------
        D:1 |      29 |       0 |   0.0 |      17 |       0 |   0.0
        D:2 |      97 |       0 |   0.0 |      21 |       0 |   0.0
        D:3 |     103 |     512 |  83.3 |      21 |      59 |  73.8
        D:4 |     429 |       0 |   0.0 |      15 |       0 |   0.0
        D:5 |     859 |     647 |  43.0 |      16 |       6 |  27.3
        D:6 |     803 |       7 |   0.9 |      18 |       3 |  14.3
        D:7 |     761 |       0 |   0.0 |      28 |       0 |   0.0
        D:8 |    1625 |    1756 |  51.9 |      22 |      14 |  38.9
            +---------+---------+-------+---------+---------+-------
